 Dungeon Crawl Stone Soup version 0.29-a0-275-g389c0b56f3 (webtiles) character file.

Game seed: 9480688005600601097

33 kae the Ruffian (level 3, 0/28 HPs)
             Began as a Draconian Transmuter on Mar 12, 2022.
             Succumbed to an adder's poison
             ... on level 2 of the Dungeon.
             The game lasted 00:01:33 (1390 turns).

kae the Ruffian (Draconian Transmuter)              Turns: 1390, Time: 00:01:34

Health: 0/28       AC:  5    Str: 12    XL:     3   Next: 12%
Magic:  6/6        EV: 12    Int: 17    God:
Gold:   82         SH:  0    Dex: 11    Spells: 5/6 levels left

rFire   . . .      SeeInvis .     - Unarmed
rCold   . . .      Faith    .   (no shield)
rNeg    . . .      Spirit   .   (body armour unavailable)
rPois   .          Reflect  .   (helmet restricted)
rElec   .          Harm     .   (no cloak)
rCorr   .          Rampage  .   (no gloves)
Will    +....                   (no boots)
Stlth   +.........              (no amulet)
HPRegen 0.09/turn               (no ring)
MPRegen 0.10/turn               (no ring)

@: mighty, lethally poisoned (0 -> -1)
A: AC +5, unfitting armour, cold-blooded, clever 1, strong-willed 1
a: no special abilities


You were on level 2 of the Dungeon.
You visited 1 branch of the dungeon, and saw 2 of its levels.

You collected 96 gold pieces.
You spent 14 gold pieces at shops.

Inventory:

Scrolls
 b - a scroll of noise {unknown}
 c - 2 scrolls of summoning {unknown}
 d - a scroll of enchant weapon {unknown}
 e - a scroll of blinking {unknown}
 f - a scroll of acquirement {unknown}
 g - a scroll of amnesia {unknown}
 j - a scroll of immolation {unknown}
Potions
 h - a potion of degeneration
 i - a potion of brilliance
 k - a potion of mutation


   Skills:
 + Level 1.4 Fighting
 + Level 2.0 Dodging
 * Level 3.4 Unarmed Combat
 + Level 2.2 Spellcasting
 * Level 2.5 Transmutations


You had 5 spell levels left.
You knew the following spells:

 Your Spells              Type           Power      Damage    Failure   Level
a - Beastly Appendage     Tmut           20%        N/A       7%          1

Your spell library contained the following spells:

 Spells                   Type           Power      Damage    Failure   Level
 Wereblood                Tmut           10%        N/A       10%         2
 Spider Form              Tmut/Pois      6%         N/A       32%         3
 Ice Form                 Ice/Tmut       6%         N/A       73%         4
 Fireball                 Conj/Fire      0%         3d3       99%         5
 Iskenderun's Battlesphe  Conj           1%         2d6       99%         5
 Conjure Ball Lightning   Conj/Air       0%         3x3d6     100%        6
 Orb of Destruction       Conj           0%         9d5       100%        7


Dungeon Overview and Level Annotations

Branches:
Dungeon (2/15)

Altars:
Makhleb

Shops:
D:1 !


Innate Abilities, Weirdness & Mutations

Your plain brown scales are hard. (AC +5)
You cannot fit into any form of body armour.
You are cold-blooded and may be slowed by cold attacks.
Your mind is acute. (Int +2)
You are strong-willed. (Will+)


Message History

The adder is severely wounded.
You feel sick.
You are no longer poisoned.
The adder barely misses you.
You barely miss the adder. Your kick misses the adder.
Your headbutt misses the adder.
Your tail-slap misses the adder.
The adder is severely wounded.
The adder bites you but does no damage.
You barely miss the adder. Your kick misses the adder.
The adder is severely wounded.
The adder barely misses you. The adder bites you.
* * * LOW HITPOINT WARNING * * *
You are lethally poisoned!
The adder poisons you!
You barely miss the adder. Your headbutt misses the adder.
The adder is severely wounded.
* * * LOW HITPOINT WARNING * * *
You feel sick. The adder bites you.
* * * LOW HITPOINT WARNING * * *
You closely miss the adder.
The adder is severely wounded.
* * * LOW HITPOINT WARNING * * *
You feel sick. The adder closely misses you.
You hit the adder.
You kill the adder!
Your horns disappear.
Your talons disappear.
You have reached level 3!
Your experience leads to an increase in your attributes!
Increase (S)trength, (I)ntelligence, or (D)exterity?
You feel clever. x2; Your scales feel tougher.
It was a potion of mutation.
You feel extremely strange.
You feel strong-willed.
You feel clever.
* * * LOW HITPOINT WARNING * * *
You feel sick. The hobgoblin completely misses you.
It was a potion of might.
You feel very mighty all of a sudden.
* * * LOW HITPOINT WARNING * * *
You feel sick. The hobgoblin barely misses you.
You hit the hobgoblin but do no damage.
You die...

#.....# >#. #.....#
#.# ###.....# #.##
......#######..#
.####..........#
.####.#######..#
...##.# #..# .#.##.#
#..######
.#.##.#######..g@...#
...............####.#
.#.....###.....#
.####### #...... .#
....._.... .#
###.....#.# #....)..#
####..... #### ##


You could see a hobgoblin.

Vanquished Creatures
  An adder (D:2)
  2 ball pythons (D:1)
  A bat (D:1)
  4 endoplasms (D:1)
  2 goblins
  4 hobgoblins (D:1)
  A quokka (D:1)
  3 frilled lizards (D:1)
  2 kobolds (D:1)
  A rat (D:1)
21 creatures vanquished.

Notes
Turn   | Place    | Note
-------+----------+-------------------------------------------
     0 | D:1      | kae the Draconian Transmuter began the quest for the Orb.
     0 | D:1      | Reached XP level 1. HP: 16/16 MP: 3/3
   552 | D:1      | Reached XP level 2. HP: 8/23 MP: 3/5
   800 | D:1      | Found a faded altar of an unknown god.
   948 | D:1      | Found Putsory's Distillery.
   953 | D:1      | Bought a potion of degeneration for 14 gold pieces
  1367 | D:2      | Found a burning altar of Makhleb.
  1388 | D:2      | Reached XP level 3. HP: 2/28 MP: 6/6
  1388 | D:2      | Gained mutation: You are strong-willed. (Will+) [potion of
                  | mutation]
  1388 | D:2      | Gained mutation: Your mind is acute. (Int +2) [potion of
                  | mutation]
  1388 | D:2      | HP: 1/28 [poisoned by an adder]
  1390 | D:2      | Succumbed to an adder's poison

Illustrated notes

Levels and vault maps discovered:
D:1:      giann_horns, layout_basic, serial_shops, nicolae_shop_hallway_plus,
          hellmonk_ecumenical_altar_run_dry, minmay_pentomino_z4
D:2:      layout_loops_cross, basic_altar

Skill      XL: |  1  2 |
---------------+-------+-----
Dodging        | 2 |  2.0
Fighting       | |  1.4
Unarmed Combat | |  3.4
Spellcasting   | |  2.2
Transmutations | |  2.5

Action                   || total
-------------------------++-------
Melee: Unarmed           ||    64
       Kick              ||    11
       Tailslap          ||     6
       Headbutt          ||     2
 Cast: Beastly Appendage ||    14
  Use: Potion            ||     4
Armor: Skin              ||    20
Dodge: Dodged            ||    51

Table legend: (Time is in decaauts)
 A = Elapsed time spent in this place.
 B = Non-inter-level travel time spent in this place.
 C = Inter-level travel time spent in this place.
 D = Time resting spent in this place.
 E = Time spent auto-exploring this place.
 F = Levels seen in this place.
 G = Mean time per level.
                   A        B        C        D        E       F      G
               +--------+--------+--------+--------+--------+-----+--------+
         Total |   1386 |   1375 |     11 |    272 |    910 |   2 |  693.0 |
       Dungeon |   1386 |   1375 |     11 |    272 |    910 |   2 |  693.0 |
               +--------+--------+--------+--------+--------+-----+--------+

Top non-repeatable levels by time:
     D:1: 1294 daAuts
     D:2: 92 daAuts
